Map: Ley Lines

Players

ManlyManMeat

  • Race: Zerg Zerg
  • League: Diamond
  • Spawn Location: 1:00

Higgs - Winner!

  • Race: Protoss Protoss
  • League: Diamond
  • Spawn Location: 7:00

VOD

Have the link to the VOD?

Description

Time

  • Played on: July 8, 2025, 5:59 p.m.
  • Length: 13:17
Show
View Real Time Build Order
Export as new Build Order

ManlyManMeat Zerg 

Build Orders: Hatch First 

Get SALT Encoding   

  12  0:00  Drone  
  13  0:08  Drone  
  14  0:15  Extractor  
  14  0:16  Drone  
  15  0:21  Overlord  
  15  0:40  Drone  
  16  0:49  Hatchery  
  15  0:51  Drone  
  15  0:53  Drone  
  17  0:57  Drone  
  18  1:09  Extractor  
  17  1:14  Spawning Pool  
  17  1:16  Drone  
  17  1:20  Drone  
  18  1:26  Drone  
  19  1:36  Drone  
  20  1:50  Drone  
  21  2:01  Queen x2  
  21  2:02  Zergling x2  
  21  2:05  Overlord  
  26  2:09  Drone  
  26  2:11  Drone  
  28  2:18  Metabolic Boost  
  28  2:34  Hatchery  
  28  2:37  Zergling x2  
  28  2:42  Zergling x4  
  30  2:56  Drone x3  
  30  2:57  Overlord  
  33  2:59  Overlord  
  33  3:09  Drone x2  
  35  3:17  Overlord x2  
  35  3:22  Queen  
  35  3:25  Drone  
  39  3:27  Drone  
  39  3:30  Drone  
  40  3:36  Drone x3  
  43  3:44  Drone x3  
  46  3:55  Drone x6  
  52  4:02  Spore Crawler  
  51  4:03  Spore Crawler  
  48  4:17  Lair  
  48  4:19  Evolution Chamber  
  48  4:21  Drone x5  
  48  4:23  Extractor  
  50  4:25  Extractor x2  
  50  4:26  Drone  
  50  4:27  Drone x5  
  53  4:35  Evolution Chamber  
  53  4:36  Zergling x2  
  53  4:37  Zergling x6  
  53  4:38  Zergling x2  
  57  4:46  Overlord x2  
  57  4:51  Zergling x2  
  58  4:58  Zerg Missile Weapons Level 1  
  58  5:03  Overlord x3  
  58  5:10  Zerg Ground Armor Level 1  
  58  5:11  Baneling Nest  
  57  5:16  Drone  
  57  5:17  Drone x3  
  57  5:19  Drone  
  57  5:20  Drone x3  
  65  5:26  Hydralisk Den  
  62  5:39  Overseer  
  62  5:41  Hatchery  
  62  5:42  Overseer  
  57  5:45  Spine Crawler  
  57  5:47  Spore Crawler  
  57  5:48  Overseer, Spine Crawler  
  57  5:49  Zergling x16  
  62  5:53  Drone x3  
  59  6:04  Queen  
  59  6:08  Hydralisk x2  
  56  6:13  Zergling x2  
  56  6:14  Zergling x8  
  56  6:17  Zergling x4  
  50  6:25  Zergling x6  
  36  6:34  Zergling x4  
  35  6:53  Zergling x8  
  35  6:54  Zergling x2  
  34  7:08  Pneumatized Carapace  
  32  7:18  Drone  
  32  7:19  Drone x8  
  41  7:29  Hydralisk x2  
  45  7:42  Drone x4  
  49  8:01  Spore Crawler  
  49  8:03  Zergling x14  
  55  8:10  Queen  
  57  8:13  Drone x2  
  59  8:23  Centrifugal Hooks  
  59  8:28  Hydralisk x2  
  63  8:43  Hydralisk  
  63  8:44  Zergling x12  
  71  9:09  Drone x8  
  79  9:20  Hatchery  
  78  9:27  Hydralisk x4  
  86  9:39  Grooved Spines  
  86  9:50  Drone x3  
  76  10:14  Hydralisk  
  76  10:15  Hydralisk x2  
  80  10:27  Extractor  
  80  10:28  Drone x2  
  81  10:30  Overlord x3  
  81  10:31  Overlord x3, Extractor  
  81  10:34  Zergling x6, Extractor  
  81  10:35  Zergling x2, Extractor  
  83  10:36  Baneling x5  
  82  10:53  Hydralisk x2  
  82  10:54  Zergling x8  
  90  11:01  Queen  
  90  11:03  Drone x4  
  96  11:07  Hatchery  
  96  11:11  Muscular Augments  
  95  11:15  Hatchery  
  95  11:17  Overseer  
  94  11:22  Drone x4  
  98  11:34  Drone x3  
  98  11:35  Drone  
  102  11:45  Hydralisk x5  
  102  11:46  Zergling x2  
  102  11:47  Zergling x4  
  100  12:16  Hydralisk x7  
  100  12:17  Zergling x2  
  104  12:28  Drone x3  
  107  12:31  Spine Crawler x2  
  107  12:32  Spore Crawler  
  104  12:42  Hydralisk  
Show
View Real Time Build Order
Export as new Build Order

Higgs Protoss - Winner!

Build Orders: 1 Gate Expand, Zealot Archon, Dark Templar Rush 

Get SALT Encoding   

  12  0:01  Probe  
  13  0:19  Probe  
  13  0:27  Probe  
  14  0:32  Assimilator  
  14  0:35  Pylon  
  15  0:53  Gateway, Probe  
  16  1:03  Probe  
  17  1:11  Probe  
  17  1:17  Assimilator  
  18  1:19  Probe  
  19  1:31  Probe, Nexus  
  20  1:37  Pylon  
  20  1:44  Zealot  
  22  1:48  Probe  
  23  2:00  Probe  
  24  2:01  Cybernetics Core  
  24  2:15  Gateway  
  24  2:20  Probe, Zealot  
  26  2:28  Probe  
  27  2:36  Stalker  
  28  2:37  Probe  
  28  2:40  Shield Battery  
  29  3:00  Warp Gate  
  29  3:02  Probe  
  30  3:06  Twilight Council  
  30  3:07  Stalker  
  30  3:09  Probe  
  32  3:14  Probe  
  32  3:17  Probe  
  34  3:24  Gateway  
  35  3:50  Probe  
  35  3:51  Probe  
  35  3:52  Charge  
  35  3:54  Assimilator  
  37  3:56  Gateway  
  37  3:58  Dark Shrine  
  37  3:59  Probe  
  37  4:00  Gateway  
  37  4:04  Probe  
  39  4:20  Probe x2  
  41  4:32  Probe  
  42  4:39  Gateway  
  42  4:41  Pylon  
  42  4:42  Probe  
  42  4:43  Gateway  
  42  4:45  Pylon  
  43  4:52  Pylon  
  43  4:53  Probe, Assimilator  
  43  4:54  Probe  
  45  5:05  Probe  
  46  5:09  Probe  
  47  5:14  Dark Templar  
  47  5:15  Dark Templar x2  
  47  5:16  Dark Templar  
  47  5:20  Dark Templar  
  57  5:32  Forge  
  57  5:34  Gateway, Probe x2  
  59  5:36  Zealot  
  59  5:40  Dark Templar  
  63  5:47  Stalker  
  63  5:49  Zealot  
  61  6:19  Archon  
  61  6:28  Protoss Ground Weapons Level 1  
  61  6:31  Dark Templar x3  
  61  6:32  Zealot  
  67  6:40  Probe  
  66  6:47  Zealot x2  
  66  6:51  Pylon  
  66  6:52  Probe  
  65  6:54  Pylon  
  59  7:03  Nexus  
  57  7:17  Dark Templar x2  
  57  7:18  Dark Templar x2  
  57  7:19  Zealot  
  57  7:21  Pylon  
  67  7:23  Assimilator  
  67  7:27  Pylon, Probe  
  67  7:28  Assimilator  
  68  7:31  Zealot x2  
  68  7:33  Probe  
  68  7:35  Stargate  
  73  7:40  Stargate  
  73  7:43  Archon, Photon Cannon  
  73  7:44  Dark Templar  
  75  7:47  Probe x2  
  77  7:59  Probe  
  77  8:02  Photon Cannon  
  77  8:05  Protoss Shields Level 1  
  78  8:06  Shield Battery  
  78  8:07  Gateway  
  78  8:11  Gateway  
  78  8:17  Photon Cannon  
  78  8:18  Archon  
  78  8:19  Probe, Archon  
  78  8:20  Archon, Zealot  
  78  8:22  Probe x2  
  83  8:31  Probe  
  83  8:34  Probe  
  83  8:35  Probe  
  86  8:43  Fleet Beacon  
  86  8:46  Probe  
  87  8:48  Photon Cannon  
  87  8:50  Probe  
  87  8:55  Probe  
  89  9:01  Probe  
  89  9:02  Probe  
  91  9:09  Void Ray x2, Photon Cannon  
  99  9:21  Probe  
  99  9:22  Flux Vanes  
  100  9:36  Tempest  
  100  9:42  Pylon  
  100  9:45  Tempest  
  100  9:48  Pylon  
  108  9:59  Nexus  
  108  10:00  Protoss Air Weapons Level 1  
  108  10:01  Dark Templar  
  108  10:02  Dark Templar x2  
  108  10:04  Zealot  
  108  10:05  Zealot  
  118  10:12  Pylon  
  118  10:14  Assimilator  
  118  10:18  Pylon  
  118  10:20  Assimilator  
  118  10:30  Photon Cannon  
  118  10:33  Photon Cannon  
  118  10:34  Shield Battery  
  118  10:41  Photon Cannon  
  118  10:42  Shield Battery  
  118  10:44  Photon Cannon  
  118  10:45  Gateway  
  118  10:46  Gateway  
  118  10:49  Gateway  
  118  10:53  Photon Cannon  
  119  10:57  Probe x3  
  119  11:00  Carrier  
  121  11:09  Probe  
  128  11:16  Probe x3  
  131  11:21  Probe  
  131  11:22  Archon  
  132  11:28  Probe  
  132  11:30  Dark Templar x2  
  132  11:31  Zealot x3  
  143  11:34  Probe x3  
  146  11:42  Zealot x3  
  146  11:44  Zealot  
  154  12:09  Dark Templar  
  154  12:10  Zealot x2  
  154  12:11  Zealot  
  154  12:13  Stalker  
  154  12:14  Dark Templar, Zealot  
  156  12:23  Zealot x4  
  156  12:28  Pylon  
  164  12:36  Pylon  
  164  12:46  Probe x3  
  164  12:47  Nexus  
  164  12:48  Probe  
  164  12:50  Pylon  
  168  12:52  Pylon  
  168  12:54  Pylon  
  168  12:57  Pylon  
  168  12:58  Probe x3  
  168  13:00  Stargate  
  168  13:02  Stargate  
  163  13:11  Dark Templar x3  
  165  13:17  Archon  
Tags
 
Add a new tag
Caveats
  • Supply blocks, unpowered buildings, or Contaminate may cause inaccurate times.
  • Supply counts are checked every 10 seconds.